MID
GREENSBORO GRASSHOPPERS @ BINGHAMTON METS
08/24/2047
 
TOP OF THE 1ST
Greensboro Grasshoppers batting - Pitching for Binghamton Mets : RHP Guillermo de Leon
Pitching: RHP Guillermo de Leon
Batting: LHB David Doge 0-0: Called Strike
0-1: Called Strike
0-2: Ball
1-2: Strikes out swinging
Batting: RHB Akira Suzuki 0-0: Foul Ball, location: 2F
0-1: Swinging Strike
0-2: Strikes out swinging
Batting: RHB Manuel Taveras 0-0: SINGLE (Groundball, 56D, EV 95.6 MPH)
Batting: SHB Matt Moore 0-0: Ball
1-0: Fielders Choice at 2nd, 6-4 (Groundball, 56, EV 88.1 MPH)
Top of the 1st over - 0 runs, 1 hit, 0 errors, 1 left on base; Greensboro 0 - Binghamton 0
BOTTOM OF THE 1ST
Binghamton Mets batting - Pitching for Greensboro Grasshoppers : RHP Jorge Lopez
Pitching: RHP Jorge Lopez
Batting: RHB Oscar Bravo 0-0: Ball
1-0: Swinging Strike
1-1: Fly out, F8 (Flyball, 8RM, EV 93.8 MPH)
Batting: RHB Jose Lara 0-0: SINGLE (Groundball, 34D, EV 97.5 MPH)
Batting: SHB Masatoshi Akahoshi 0-0: Fly out, F8 (Flyball, 78D, EV 100.0 MPH)
Batting: LHB Tony Leyba 0-0: Ball
1-0: Ball
2-0: Ball
3-0: Called Strike
3-1: SINGLE (Groundball, 4MD, EV 102.5 MPH)
Jose Lara to second
Batting: RHB Jordan Williams 0-0: Called Strike
0-1: Called Strike
0-2: Foul Ball, location: 2F
0-2: Ball
1-2: Ball
2-2: Ball
3-2: Strikes out swinging
Bottom of the 1st over - 0 runs, 2 hits, 0 errors, 2 left on base; Greensboro 0 - Binghamton 0
TOP OF THE 2ND
Greensboro Grasshoppers batting - Pitching for Binghamton Mets : RHP Guillermo de Leon
Batting: RHB Nate Crofts 0-0: Ground out 4-3 (Groundball, 4, EV 85.6 MPH)
Batting: RHB Jim Fisher 0-0: Ball
1-0: Foul Ball, location: 2F
1-1: Ball
2-1: Foul Ball, location: 2F
2-2: Ball
3-2: Ground out 4-3 (Groundball, 4, EV 103.8 MPH)
Batting: RHB Dennis Coppolino 0-0: Ball
1-0: Called Strike
1-1: Swinging Strike
1-2: Ball
2-2: Ball
3-2: Base on Balls
Batting: LHB Ryan Karg 0-0: Ball
1-0: Foul Ball, location: 2F
1-1: Ground out 4-3 (Groundball, 34D, EV 89.4 MPH)
Top of the 2nd over - 0 runs, 0 hits, 0 errors, 1 left on base; Greensboro 0 - Binghamton 0
BOTTOM OF THE 2ND
Binghamton Mets batting - Pitching for Greensboro Grasshoppers : RHP Jorge Lopez
Batting: LHB Preston Knaak 0-0: Ball
1-0: Called Strike
1-1: Foul Ball, location: 2F
1-2: Strikes out swinging
Batting: RHB Rich Cracchiolo 0-0: Called Strike
0-1: Called Strike
0-2: Ball
1-2: Strikes out swinging
Batting: RHB Sean Lee 0-0: Called Strike
0-1: Ball
1-1: Ground out 6-3 (Groundball, 56, EV 82.5 MPH)
Bottom of the 2nd over - 0 runs, 0 hits, 0 errors, 0 left on base; Greensboro 0 - Binghamton 0
TOP OF THE 3RD
Greensboro Grasshoppers batting - Pitching for Binghamton Mets : RHP Guillermo de Leon
Batting: RHB Nick Dunton 0-0: Called Strike
0-1: Ball
1-1: Foul Ball, location: 2F
1-2: Foul Ball, location: 2F
1-2: Foul Ball, location: 2F
1-2: Foul Ball, location: 2F
1-2: Strikes out swinging
Batting: LHB David Doge 0-0: Ball
1-0: Ball
2-0: Called Strike
2-1: Foul Ball, location: 2F
2-2: Ball
3-2: SINGLE (Line Drive, 9S, EV 95.6 MPH)
Batting: RHB Akira Suzuki 0-0: Called Strike
0-1: Fielders Choice at 2nd, 4-6 (Groundball, 4, EV 107.5 MPH)
Batting: RHB Manuel Taveras 0-0: Called Strike
0-1: Foul Ball, location: 2F
0-2: Fly out, F3 (Popup, 34S, EV 72.5 MPH)
Top of the 3rd over - 0 runs, 1 hit, 0 errors, 1 left on base; Greensboro 0 - Binghamton 0
BOTTOM OF THE 3RD
Binghamton Mets batting - Pitching for Greensboro Grasshoppers : RHP Jorge Lopez
Batting: RHB Victor Reyes 0-0: Fly out, F6 (Popup, 6S, EV 60.6 MPH)
Batting: RHB Oscar Bravo 0-0: Ball
1-0: Called Strike
1-1: Ball
2-1: DOUBLE (Flyball, 8RXD, EV 95.6 MPH)
Batting: RHB Jose Lara 0-0: Called Strike
0-1: Ball
1-1: Fly out, F8 (Flyball, 8LD, EV 99.4 MPH)
Batting: SHB Masatoshi Akahoshi 0-0: Foul Ball, location: 2F
0-1: Swinging Strike
0-2: Ball
1-2: Reached on error, E4 (Groundball, 4, EV 77.5 MPH)
Oscar Bravo scores
Batting: LHB Tony Leyba 0-0: Ball
1-0: Ball
2-0: Called Strike
2-1: Swinging Strike
2-2: Foul Ball, location: 2F
2-2: 2-RUN HOME RUN (Flyball, 9D, EV 94.4 MPH), Distance : 370 ft
Batting: RHB Jordan Williams 0-0: SINGLE (Groundball, 6S, EV 67.5 MPH) (infield hit)
Batting: LHB Preston Knaak 0-0: Called Strike
Jordan Williams steals 2nd base
0-1: Ground out U3 (Groundball, 3S, EV 68.1 MPH)
Bottom of the 3rd over - 3 runs, 3 hits, 1 error, 1 left on base; Greensboro 0 - Binghamton 3
TOP OF THE 4TH
Greensboro Grasshoppers batting - Pitching for Binghamton Mets : RHP Guillermo de Leon
Batting: SHB Matt Moore 0-0: Called Strike
0-1: Foul Ball, location: 2F
0-2: Ball
1-2: Ball
2-2: Strikes out swinging
Batting: RHB Nate Crofts 0-0: SOLO HOME RUN (Flyball, 7D, EV 96.9 MPH), Distance : 379 ft
Batting: RHB Jim Fisher 0-0: Fly out, F6 (Popup, 15, EV 84.4 MPH)
Batting: RHB Dennis Coppolino 0-0: Swinging Strike
0-1: Called Strike
0-2: Strikes out swinging
Top of the 4th over - 1 run, 1 hit, 0 errors, 0 left on base; Greensboro 1 - Binghamton 3
BOTTOM OF THE 4TH
Binghamton Mets batting - Pitching for Greensboro Grasshoppers : RHP Jorge Lopez
Batting: RHB Rich Cracchiolo 0-0: Swinging Strike
0-1: Ground out 6-3 (Groundball, 6, EV 102.5 MPH)
Batting: RHB Sean Lee 0-0: Called Strike
0-1: Foul Ball, location: 2F
0-2: Ball
1-2: Strikes out swinging
Batting: RHB Victor Reyes 0-0: SINGLE (Line Drive, 4M, EV 98.1 MPH)
Batting: RHB Oscar Bravo 0-0: Foul Ball, location: 2F
0-1: Ground out 4-3 (Groundball, 13, EV 93.8 MPH)
Bottom of the 4th over - 0 runs, 1 hit, 0 errors, 1 left on base; Greensboro 1 - Binghamton 3
TOP OF THE 5TH
Greensboro Grasshoppers batting - Pitching for Binghamton Mets : RHP Guillermo de Leon
Batting: LHB Ryan Karg 0-0: Swinging Strike
0-1: Ground out 4-3 (Groundball, 13, EV 85.6 MPH)
Batting: RHB Nick Dunton 0-0: Ball
1-0: Ball
2-0: Called Strike
2-1: Fly out, F7 (Flyball, 7, EV 90.6 MPH)
Batting: LHB David Doge 0-0: Ball
1-0: Called Strike
1-1: Ball
2-1: Fly out, F9 (Flyball, BS7, EV 105.6 MPH)
Top of the 5th over - 0 runs, 0 hits, 0 errors, 0 left on base; Greensboro 1 - Binghamton 3
BOTTOM OF THE 5TH
Binghamton Mets batting - Pitching for Greensboro Grasshoppers : RHP Jorge Lopez
Batting: RHB Jose Lara 0-0: Ball
1-0: Foul Ball, location: 2F
1-1: Ball
2-1: Swinging Strike
2-2: Ball
3-2: Foul Ball, location: 2F
3-2: Ground out 6-3 (Groundball, 6, EV 89.4 MPH)
Batting: SHB Masatoshi Akahoshi 0-0: Hit by Pitch
Batting: LHB Tony Leyba 0-0: Called Strike
0-1: Ball
1-1: Foul Ball, location: 2F
1-2: Ball
2-2: Strikes out swinging
Batting: RHB Jordan Williams 0-0: Ball
1-0: Ball
2-0: Called Strike
2-1: SINGLE (Groundball, 4MD, EV 103.1 MPH)
Masatoshi Akahoshi to second
Runner from 2nd tries for 3rd, SAFE, no throw by CF
Batting: LHB Preston Knaak Pickoff Throw to First - Out! 1-3
Bottom of the 5th over - 0 runs, 1 hit, 0 errors, 1 left on base; Greensboro 1 - Binghamton 3
TOP OF THE 6TH
Greensboro Grasshoppers batting - Pitching for Binghamton Mets : RHP Guillermo de Leon
Batting: RHB Akira Suzuki 0-0: Foul Ball, location: 2F
0-1: SINGLE (Line Drive, 9S, EV 106.9 MPH)
Batting: RHB Manuel Taveras 0-0: Called Strike
0-1: Ball
1-1: Foul Ball, location: 2F
1-2: Ground out 4-3 (Groundball, 4S, EV 70.6 MPH)
Akira Suzuki to second
Pitching: RHP Al Rios
Batting: SHB Matt Moore 0-0: Called Strike
0-1: Foul Ball, location: 2F
0-2: Ball
1-2: Ball
2-2: Ball
3-2: Base on Balls
Batting: RHB Nate Crofts 0-0: Called Strike
0-1: DOUBLE (Flyball, 8RXD, EV 102.5 MPH)
Akira Suzuki scores
Matt Moore to third
Batting: RHB Jim Fisher 0-0: Foul Ball, location: 2F
0-1: Swinging Strike
0-2: Ball
1-2: Strikes out swinging
Batting: RHB Dennis Coppolino 0-0: Ball
1-0: Ball
2-0: Ball
3-0: Called Strike
3-1: Fly out, F9 (Flyball, 9S, EV 72.5 MPH)
Top of the 6th over - 1 run, 2 hits, 0 errors, 2 left on base; Greensboro 2 - Binghamton 3
BOTTOM OF THE 6TH
Binghamton Mets batting - Pitching for Greensboro Grasshoppers : RHP Jorge Lopez
Batting: LHB Preston Knaak 0-0: Foul Ball, location: 2F
0-1: Called Strike
0-2: Ball
1-2: Ball
2-2: Ball
3-2: Base on Balls
Pitching: LHP Jerry Woods
Batting: RHB Rich Cracchiolo 0-0: Fly out, F9 (Line Drive, 89M, EV 101.9 MPH)
Batting: RHB Sean Lee 0-0: Ball
1-0: Grounds into double play, 6-4-3 (Groundball, 6, EV 102.5 MPH)
Bottom of the 6th over - 0 runs, 0 hits, 0 errors, 0 left on base; Greensboro 2 - Binghamton 3
TOP OF THE 7TH
Greensboro Grasshoppers batting - Pitching for Binghamton Mets : RHP Al Rios
Pitching: RHP Ian Daniels
Batting: LHB Ryan Karg 0-0: Ball
1-0: Called Strike
1-1: Called Strike
1-2: Ball
2-2: Strikes out swinging
Batting: RHB Nick Dunton 0-0: Called Strike
0-1: Foul Ball, location: 2F
0-2: Strikes out swinging
Batting: LHB David Doge 0-0: Ball
1-0: Ball
2-0: Called Strike
2-1: Ball
3-1: Ground out 4-3 (Groundball, 4, EV 83.1 MPH)
Top of the 7th over - 0 runs, 0 hits, 0 errors, 0 left on base; Greensboro 2 - Binghamton 3
BOTTOM OF THE 7TH
Binghamton Mets batting - Pitching for Greensboro Grasshoppers : LHP Jerry Woods
Batting: RHB Victor Reyes 0-0: Ball
1-0: Ball
2-0: Ball
3-0: Base on Balls
Batting: RHB Oscar Bravo 0-0: Sac Bunt to 3S - play at first, batter OUT! 3-1
Victor Reyes to second
Batting: RHB Jose Lara 0-0: Called Strike
0-1: Ball
1-1: Hit by Pitch
Batting: SHB Masatoshi Akahoshi 0-0: Ball
1-0: Swinging Strike
1-1: Swinging Strike
1-2: Foul Ball, location: 2F
1-2: Ball
2-2: Foul Ball, location: 2F
2-2: Foul Ball, location: 2F
2-2: Foul Ball, location: 2F
2-2: Foul Ball, location: 2F
2-2: Strikes out looking
Batting: LHB Tony Leyba 0-0: Foul Ball, location: 2F
0-1: Fielders Choice at 2nd, 6-4 (Groundball, 6, EV 110.6 MPH)
Bottom of the 7th over - 0 runs, 0 hits, 0 errors, 2 left on base; Greensboro 2 - Binghamton 3
TOP OF THE 8TH
Greensboro Grasshoppers batting - Pitching for Binghamton Mets : RHP Ian Daniels
Batting: RHB Akira Suzuki 0-0: Called Strike
0-1: Swinging Strike
0-2: Ball
1-2: Ball
2-2: Ball
3-2: SINGLE (Flyball, 8RS, EV 93.1 MPH)
Batting: RHB Manuel Taveras 0-0: Called Strike
0-1: Swinging Strike
0-2: Strikes out looking
Batting: SHB Matt Moore 0-0: Called Strike
0-1: Ball
1-1: Ball
2-1: Grounds into double play, 4-6-3 (Groundball, 4, EV 81.9 MPH)
Top of the 8th over - 0 runs, 1 hit, 0 errors, 0 left on base; Greensboro 2 - Binghamton 3
BOTTOM OF THE 8TH
Binghamton Mets batting - Pitching for Greensboro Grasshoppers : LHP Jerry Woods
Pitching: LHP Bryan Wedge
Batting: RHB Jordan Williams 0-0: Ball
1-0: Ball
2-0: Ground out 6-3 (Groundball, 6, EV 80.6 MPH)
Batting: LHB Preston Knaak 0-0: Called Strike
0-1: Foul Ball, location: 2F
0-2: Ball
1-2: Foul Ball, location: 2F
1-2: Ground out 5-3 (Groundball, 56S, EV 86.9 MPH)
Batting: RHB Rich Cracchiolo 0-0: Foul Ball, location: 2F
0-1: Ball
1-1: Ball
2-1: Ball
3-1: Called Strike
3-2: Base on Balls
Batting: RHB Sean Lee 0-0: Called Strike
Pickoff Throw to First - Out! 1-3 CS
Bottom of the 8th over - 0 runs, 0 hits, 0 errors, 0 left on base; Greensboro 2 - Binghamton 3
TOP OF THE 9TH
Greensboro Grasshoppers batting - Pitching for Binghamton Mets : RHP Ian Daniels
Pitching: RHP Gwidon Kaminski
Now at 1B: Victor Reyes
Now at 2B: Fathi Addae
Batting: RHB Nate Crofts 0-0: Ball
1-0: Swinging Strike
1-1: Ball
2-1: Swinging Strike
2-2: Ball
3-2: Base on Balls
Batting: RHB Jim Fisher 0-0: Bunt missed!
0-1: Ball
1-1: Sac Bunt to 15 - play at second, runner OUT! 1-6
Batting: RHB Dennis Coppolino 0-0: Called Strike
0-1: Foul Ball, location: 2F
0-2: Hit by Pitch
Jim Fisher to second
Batting: LHB Ryan Karg 0-0: Ball
1-0: Ball
2-0: Called Strike
2-1: Called Strike
2-2: Ball
3-2: Foul Ball, location: 2F
3-2: Base on Balls
Jim Fisher to third
Dennis Coppolino to second
Batting: RHB Nick Dunton 0-0: SINGLE (Groundball, 56, EV 98.8 MPH)
Jim Fisher scores
Dennis Coppolino to third
Ryan Karg to second
Batting: LHB David Doge 0-0: Foul Ball, location: 2F
0-1: Called Strike
0-2: Ball
1-2: Ball
2-2: Foul Ball, location: 2F
2-2: Grounds into fielders choice 4-2 (Groundball, 4, EV 76.9 MPH)
Ryan Karg to third
Nick Dunton to second
Batting: RHB Akira Suzuki 0-0: Ball
1-0: Ball
2-0: SINGLE (Line Drive, 4M, EV 93.8 MPH)
Ryan Karg scores
Nick Dunton to third
David Doge to second
Runner from 3rd tries for Home, SAFE, throw by CF to home
Pitching: RHP Edwin Velazquez
Batting: RHB Manuel Taveras 0-0: Called Strike
0-1: Swinging Strike
0-2: Reached via error on a dropped throw from SS, E3 (Groundball, 56D, EV 83.8 MPH)
David Doge to third
Akira Suzuki to second
Batting: SHB Matt Moore 0-0: Fly out, F9 (Flyball, 9, EV 73.1 MPH)
Top of the 9th over - 3 runs, 2 hits, 1 error, 3 left on base; Greensboro 5 - Binghamton 3
BOTTOM OF THE 9TH
Binghamton Mets batting - Pitching for Greensboro Grasshoppers : LHP Bryan Wedge
Batting: RHB Fathi Addae 0-0: Ball
1-0: Called Strike
1-1: Called Strike
1-2: Ball
2-2: Ball
3-2: Ground out 5-3 (Groundball, 56, EV 77.5 MPH)
Batting: RHB Victor Reyes 0-0: Called Strike
0-1: Swinging Strike
0-2: Ball
1-2: Strikes out swinging
Batting: RHB Oscar Bravo 0-0: Ball
1-0: Ball
2-0: Ground out 6-3 (Groundball, 6, EV 103.1 MPH)
Bottom of the 9th over - 0 runs, 0 hits, 0 errors, 0 left on base; Greensboro 5 - Binghamton 3
Thursday, December 15th , 2022 - OOTP Baseball 23.9 Build 102